AoeStats
← E1jefe28

Black Forest

510905896Analyzed
3v3 RM · 16h ago on Oct 3, 2026· 43m 12s· 6 players
Game mode
Random Map
Map size
Normal (6 player)
Population
200
Speed
Normal
Resources
Standard
Victory
Conquest
Starting age
Dark Age
Ending age
Imperial Age
RankedLock teamsTeams togetherTeam positionsShared explorationLock speedFull tech treeHidden civsTurbo modeCheats
Victory
Defeat
🇺🇸 Saracens · United States
1099
+13
🇺🇸 Bulgarians · United States
1022
+16
🇺🇸 Hindustanis · United States
1006
+16
🇲🇽 Hindustanis · Mexico
1301
-26
🇲🇽 Spanish · Mexico
886
-10
🇲🇽 Goths · Mexico
872
-9
AM | TILIN
0:58 Loom
13:13 Feudal Age
17:03 Castle Age
15:03 Double-Bit Axe
15:46 Horse Collar
17:07 Wheelbarrow
26:07 Gold Mining
26:06 Town Watch
27:03 Hand Cart
28:13 Town Patrol
29:24 Bow Saw
31:50 Imperial Age
30:32 Padded Archer Armor
31:49 Fletching
34:03 Chemistry
33:19 Bodkin Arrow
34:00 Conscription
33:03 Heavy Cavalry Archer
35:00 Two-Man Saw
34:01 Heavy Plow
34:12 Bracer
34:27 Leather Archer Armor
34:47 Bloodlines
36:09 Thumb Ring
37:58 Ballistics
38:32 Ring Archer Armor
38:32 Husbandry
40:56 Redemption
40:54 Heavy Camel Rider
42:27 Block Printing
ProphetaDeist40k
12:11 Feudal Age
13:41 Double-Bit Axe
13:41 Horse Collar
15:23 Wheelbarrow
18:08 Castle Age
19:00 Heavy Plow
21:19 Bow Saw
22:21 Gold Mining
23:14 Stone Mining
24:20 Husbandry
25:16 Stone Shaft Mining
26:20 Loom
26:36 Town Watch
28:16 Hand Cart
30:37 Town Patrol
31:41 Ballistics
33:03 Masonry
33:12 Forging
33:11 Scale Barding Armor
32:58 Fletching
33:58 Bloodlines
34:30 Iron Casting
37:10 Imperial Age
35:02 Inquisition
35:14 Herbal Medicine
35:47 Thumb Ring
38:34 Architecture
39:08 Chemistry
39:15 Blast Furnace
38:36 Chain Barding Armor
38:11 Bodkin Arrow
39:23 Two-Man Saw
39:27 Conscription
39:47 Heavy Mounted Crossbowman
40:40 Padded Archer Armor
42:16 Light Cavalry
Yoda Origami
10:23 Loom
13:37 Feudal Age
15:05 Wheelbarrow
14:25 Double-Bit Axe
14:23 Horse Collar
23:44 Castle Age
21:25 Man-at-Arms
28:12 Bow Saw
28:17 Heavy Plow
31:39 Gold Mining
31:40 Stone Mining
31:26 Long Swordsman
32:20 Forging
34:47 Stone Shaft Mining
37:35 Hand Cart
43:09 Imperial Age
40:28 Town Watch
41:25 Town Patrol
42:59 Squires
43:42 Iron Casting
43:08 Scale Mail Armor
E1jefe28
0:31 Loom
12:15 Feudal Age
17:41 Castle Age
16:12 Double-Bit Axe
16:11 Horse Collar
20:11 Wheelbarrow
21:51 Heavy Plow
22:05 Bow Saw
26:39 Gold Mining
32:10 Imperial Age
33:56 Chemistry
33:00 Shatagni
33:22 Conscription
32:26 Heavy Camel Rider
33:39 Hand Cart
34:01 Bloodlines
33:52 Husbandry
35:03 Thumb Ring
36:28 Two-Man Saw
36:32 Gold Shaft Mining
36:17 Imperial Camel Rider
37:11 Caravan
41:33 Scale Barding Armor
41:39 Forging
41:30 Padded Archer Armor
Reaper20131
0:27 Loom
12:58 Feudal Age
15:29 Arson
18:07 Castle Age
27:31 Stone Mining
27:29 Double-Bit Axe
27:57 Forging
27:47 Scale Mail Armor
27:54 Squires
27:39 Gambesons
28:54 Stone Shaft Mining
30:15 Wheelbarrow
29:40 Gold Mining
33:55 Imperial Age
31:20 Pikeman
33:16 Iron Casting
33:42 Gold Shaft Mining
33:31 Chain Mail Armor
34:24 Hand Cart
37:22 Siege Engineers
37:38 Ballistics
37:11 Onager
38:35 Caravan
39:18 Conscription
38:55 Stirrups
39:01 Bagains
40:18 Scale Barding Armor
41:14 Blast Furnace
41:49 Bow Saw
42:03 Chain Barding Armor
41:09 Elite Konnik
GHETTO LENNY
5:27 Loom
12:03 Feudal Age
16:08 Castle Age
14:00 Double-Bit Axe
16:59 Bow Saw
19:24 Wheelbarrow
23:42 Hand Cart
23:44 Horse Collar
25:18 Heavy Plow
31:10 Imperial Age
29:42 Forging
29:38 Scale Barding Armor
29:43 Caravan
31:14 Chain Barding Armor
31:29 Iron Casting
31:36 Iron Casting
33:06 Chemistry
32:16 Thumb Ring
32:50 Elite Mameluke
33:56 Counterweights
35:10 Two-Man Saw
34:56 Onager
36:34 Plate Barding Armor
37:24 Blast Furnace
36:59 Siege Engineers
37:20 Siege Onager
44:02 Ballistics
43:46 Scale Mail Armor
43:36 Fletching
43:46 Padded Archer Armor
Connection lost

Rejoining the realm…

Still unreachable

The connection could not be restored.

Session expired

The server has moved on; the page needs a fresh start.